 Dungeon Crawl Stone Soup version 0.21.1-1-g345015f (webtiles) character file.

181 Krilegs the Sneak (level 5, -1/35 HPs)
             Began as an Octopode Assassin on May 7, 2018.
             Slain by a worker ant (7 damage)
             ... on level 4 of the Dungeon.
             The game lasted 00:09:07 (3019 turns).

Krilegs the Sneak (Octopode Assassin)               Turns: 3019, Time: 00:09:07

Health: -1/35      AC:  1    Str: 11    XL:     5   Next: 61%
Magic:  5/5        EV: 13    Int: 13    God:
Gold:   183        SH:  0    Dex: 14    Spells: 4/4 levels left

rFire    . . .     SeeInvis .   a - +2 dagger
rCold    . . .     Gourm    .   (no shield)
rNeg     . . .     Faith    .   (helmet restricted)
rPois    .         Spirit   .   (no amulet)
rElec    .         Reflect  .   (no ring)
rCorr    .         Harm     .   (no ring)
MR       .....                  (no ring)
Stlth    +++++.....             (no ring)
HPRegen  0.11/turn              (no ring)
MPRegen  0.09/turn              (no ring)
                                (no ring)
                                (no ring)

@: no status effects
A: almost no armour, stealthy swim, amphibious, 8 rings, constrict 8, camouflage
1, gelatinous body 1
a: no special abilities


You were on level 4 of the Dungeon.
You were very hungry.

You visited 1 branch of the dungeon, and saw 4 of its levels.

You collected 183 gold pieces.

Inventory:

Hand Weapons
 a - a +2 dagger (weapon)
 b - a +0 blowgun
Missiles
 c - 11 poisoned needles
 d - 2 curare-tipped needles
Scrolls
 h - a scroll of magic mapping
 j - 8 scrolls of identify
 k - 2 scrolls of teleportation
 s - a scroll of remove curse
Potions
 e - 2 potions of flight
Comestibles
 f - 6 rations


   Skills:
 + Level 2.7 Fighting
 + Level 3.0 Short Blades
 - Level 2.0 Throwing
 + Level 1.7 Dodging
 * Level 7.9 Stealth


You had 4 spell levels left.
You didn't know any spells.

Dungeon Overview and Level Annotations

Branches:
Dungeon (4/15)
 Temple: D:4-7

Altars:
Qazlal


Innate Abilities, Weirdness & Mutations

You cannot wear most types of armour.
You are very stealthy in the water. (Stealth+)
You are amphibious.
You can wear up to eight rings at the same time.
You can use your tentacles to constrict eight enemies at once.
Your skin changes colour to match your surroundings (Stealth+).
Your rubbery body absorbs attacks. (AC +1, EV +1)


Message History

You constrict the worker ant.
You feel sick. The worker ant barely misses you.
You hit the worker ant but do no damage.
The worker ant is lightly wounded.
You constrict the worker ant. The worker ant bites you.
You hit the worker ant.
The worker ant is moderately wounded.
You constrict the worker ant.
You feel sick. The worker ant bites you!
You hit the worker ant.
The worker ant is heavily wounded.
You constrict the worker ant. The worker ant bites you.
You hit the worker ant.
The worker ant is severely wounded.
You constrict the worker ant. The worker ant bites you.
* * * LOW HITPOINT WARNING * * *
You are lethally poisoned!
The worker ant poisons you!
You feel better.
You constrict the worker ant. The worker ant bites you!
* * * LOW HITPOINT WARNING * * *
The worker ant bites you!
You die...

#.# #.#..#.#########
#.#
########.#............#
#.#
#.....................#
#.#
#.######.##...........#
###.###.#
#................#
......#.#
#.#............###
........#
#.#............#
######### #
#............#
#.#@########## #.#a# #
#.# #.# #.# ... #.# ..#


You could see a worker ant.

Vanquished Creatures
  2 orc wizards (D:3)
  2 adders
  A gnoll (D:1)
  A worm (D:2)
  2 dart slugs (D:2)
  2 leopard geckos
  6 orcs (D:3)
  2 giant cockroaches
  8 goblins
  8 hobgoblins
  7 jackals (D:3)
  12 kobolds
  2 quokkas (D:2)
  8 bats
  6 frilled lizards
  7 rats
76 creatures vanquished.

Notes
Turn   | Place    | Note
-------+----------+-------------------------------------------
     0 | D:1      | Krilegs the Octopode Assassin began the quest for the Orb.
     0 | D:1      | Reached XP level 1. HP: 14/14 MP: 1/1
    76 | D:1      | Reached skill level 6 in Stealth
    76 | D:1      | Reached XP level 2. HP: 6/19 MP: 2/2
   597 | D:1      | Reached XP level 3. HP: 21/24 MP: 3/3
  1325 | D:2      | Reached XP level 4. HP: 27/30 MP: 4/4
  1356 | D:2      | Reached skill level 7 in Stealth
  1863 | D:3      | Found a stormy altar of Qazlal.
  1984 | D:3      | Reached XP level 5. HP: 29/35 MP: 5/5
  3019 | D:4      | Slain by a worker ant

Skill      XL: |  1  2  3  4  5 |
---------------+----------------+-----
Stealth        | 6 7 |  7.9
Short Blades   | 3 |  3.0
Fighting       | |  2.7
Throwing       | |  2.0
Dodging        | |  1.7

Action                   |  1- 3 |  4- 6 || total
-------------------------+-------+-------++-------
Melee: Dagger            |    55 |   116 ||   171
       Tentacles         |     9 |    22 ||    31
       Constrict         |    12 |    28 ||    40
  Use: Scroll            |     1 |     6 ||     7
       Potion            |       |    10 ||    10
 Stab: Sleeping          |    11 |    10 ||    21
  Eat: Chunk             |     1 |     1 ||     2
       Ration            |       |     1 ||     1
Armor: Skin              |     4 |    11 ||    15
Dodge: Dodged            |    19 |    62 ||    81
